 Dungeon Sprint DCSS version 0.32-a0-22-g6ae6769602 (webtiles) character file.

Game seed: 13034320859317861789

2 fozzywoppz the Sneak (level 1, -1/12 HPs)
             Began as a Kobold Brigand on Jan 18, 2024.
             Slain by a human (6 damage)
             ... in the Dungeon (Sprint III: "The Ten Rune Challenge").
             The game lasted 00:00:50 (70 turns).

fozzywoppz the Sneak (Kobold Brigand)                 Turns: 70, Time: 00:00:51

Health: -1/12      AC:  6    Str:  8    XL:     1   Next: 44%
Magic:  1/1        EV: 12    Int: 12    God:
Gold:   0          SH:  0    Dex: 16    Spells: 0/0 levels left

rFire   . . .        a - +2 dagger
rCold   . . .        (no shield)
rNeg    . . .        m - +0 ring mail
rPois   .            (no helmet)
rElec   .            c - +0 cloak
rCorr   .            (no gloves)
SInv    .            (no boots)
Will    .....        (no amulet)
Stlth   ++++         (no ring)
HPRegen 0.22/turn    (no ring)
MPRegen 0.07/turn

%: no teleportation
@: no status effects
A: small, no large weapons, nightstalker 3
a: no special abilities


You were in the Dungeon.
You visited 1 branch

Inventory:

Hand Weapons
 a - a +2 dagger (weapon)
Missiles
 e - 3 curare-tipped darts
Armour
 b - a +0 robe
 c - a +0 cloak (worn)
 m - a +0 ring mail (worn)
Scrolls
 k - a scroll of blinking
 l - a scroll of identify {unknown}
Potions
 f - a potion of curing
 g - a potion of heal wounds
 h - a potion of haste
 i - 2 potions of magic
 j - a potion of berserk rage


   Skills:
 - Level 2.1 Fighting
 + Level 3.4 Short Blades
 - Level 2.1 Throwing
 + Level 2.2 Dodging
 + Level 5.8 Stealth


You couldn't memorise any spells.
You didn't know any spells.
Your spell library was empty.

Dungeon Overview and Level Annotations

Branches:
Dungeon (1/1)

Altars:


Innate Abilities, Weirdness & Mutations

You are small and have problems with some larger weapons.
You are completely attuned to the shadows.


Message History

The human misses you.
You closely miss the human.
The human is heavily wounded.
The human hits you but does no damage.
You hit the human but do no damage.
The human is heavily wounded.
The human barely misses you.
You hit the human.
The human is heavily wounded.
The human closely misses you.
You barely miss the human.
The human is heavily wounded.
The human barely misses you.
You hit the human.
The human is heavily wounded.
You hit the human but do no damage.
The human is heavily wounded.
The human looks more healthy.
The human closely misses you.
You barely miss the human.
The human is severely wounded.
The human hits you.
Throw: 2 darts (poison)
Press: ? - help, Q - select action, (/) - cycle Shift-Dir - straight line, f/p - human
Aim: a human (severely wounded, 48% to hit)
You throw a poisoned dart.
The poisoned dart closely misses the human.
The human barely misses you.
Throw: dart (poison)
Press: ? - help, Q - select action, (/) - cycle Shift-Dir - straight line, f/p - human
Aim: a human (severely wounded, 48% to hit)
You throw a poisoned dart.
The poisoned dart closely misses the human.
The human misses you.
Unknown command.
Unknown command.
You hit the human but do no damage.
The human is severely wounded.
The human hits you.
Ouch! That really hurt!
You die...

▓.....# ▓....†#
▓.....# ▓####'#
▓.....#.~~≈~~~..
▓...†.#.~≈~~~...
▓.....#.~~~....(
▓'#####......(..
▓.........@p..(.
▓▓▓▓▓▓▓▓▓▓▓▓▓▓▓▓


You could see a human.

Vanquished Creatures
  4 rats (D)
4 creatures vanquished.

Notes
Turn   | Place    | Note
-------+----------+-------------------------------------------
     0 | D        | fozzywoppz the Kobold Brigand began the quest for the Orb.
     0 | D        | Reached XP level 1. HP: 12/12 MP: 1/1
    70 | D        | Slain by a human

Illustrated notes

Levels and vault maps discovered:
D:        dungeon_sprint_mu [sprint_mu_entry_forest, sprint_mu_temple_rooms,
          sprint_mu_d1_spiders, sprint_mu_d2_genie, sprint_mu_d3_branching,
          sprint_mu_orc_legion, sprint_mu_elf_gauntlet, sprint_mu_hive_nellie,
          sprint_mu_lair_fedhas, sprint_mu_vaults_butterflies,
          sprint_mu_slime_circle, sprint_mu_swamp_cave, sprint_mu_snake_twists,
          sprint_mu_blade_basic, sprint_mu_crypt_chambers,
          sprint_mu_tomb_spiral, sprint_mu_vestibule_basic,
          sprint_mu_gehenna_hellfire, sprint_mu_dis_giant,
          sprint_mu_tartarus_statrot, sprint_mu_cocytus_islands, sprint_mu_zot1]

Skill      XL: |  1 |
---------------+----+-----
Short Blades   | 3 |  3.4
Dodging        | 2 |  2.2
Fighting       | |  2.1
Throwing       | |  2.1
Stealth        | |  5.8

Action                     || total
---------------------------++-------
  Melee: Dagger            ||    20
  Throw: Dart              ||     9
   Stab: Sleeping          ||     4
 Armour: Ring mail         ||     6
  Dodge: Dodged            ||    14

Table legend: (Time is in decaauts)
 A = Elapsed time spent in this place.
 B = Non-inter-level travel time spent in this place.
 C = Inter-level travel time spent in this place.
 D = Time resting spent in this place.
 E = Time spent auto-exploring this place.
 F = Levels seen in this place.
 G = Mean time per level.
                   A        B        C        D        E       F      G
               +--------+--------+--------+--------+--------+-----+--------+
         Total |     66 |     66 |      0 |      0 |      0 |   1 |   66.0 |
       Dungeon |     66 |     66 |      0 |      0 |      0 |   1 |   66.0 |
               +--------+--------+--------+--------+--------+-----+--------+

Top non-repeatable levels by time:
       D: 66 daAuts
